 Dungeon Crawl Stone Soup version 0.28-a0-563-gf77a47075d (webtiles) character file.

Game seed: 8530417123336289621

194342 iamoutofideas the Conqueror (level 18, -10/300 HPs)
             Began as a Hill Orc Monk on Sept 30, 2021.
             Was an Initiate of Gozag.
             Mangled by a spriggan berserker (22 damage)
             ... on level 1 of the Depths.
             The game lasted 01:37:11 (42760 turns).

iamoutofideas the Conqueror (Hill Orc Monk)        Turns: 42760, Time: 01:37:13

Health: -10/300    AC: 36    Str: 26      XL:     18   Next: 30%
Magic:  0/18       EV: 10    Int:  8      God:    Gozag
Gold:   785        SH:  0    Dex: 14 (15) Spells: 15/17 levels left

rFire   + . .      SeeInvis .   b - +4 broad axe (freeze)
rCold   + . .      Faith    .   (no shield)
rNeg    + . .      Spirit   .   N - +0 crystal plate armour
rPois   .          Reflect  .   Q - +2 helmet
rElec   .          Harm     .   Z - +0 cloak {Stlth+}
rCorr   .          Rampage  +   o - +2 pair of gloves
Will    ++...                   F - +2 pair of boots {rampage}
Stlth   ..........              T - amulet of the acrobat
HPRegen 0.60/turn               G - ring of willpower
MPRegen 0.16/turn               f - ring "Ludami" {rC+ rN+ Str+4}

@: berserking, studying 2 skills, very quick
A: talons 1, agile 1, dopey 1, fire resistance 1
}: 1/15 runes: gossamer
a: Renounce Religion, Potion Petition, Call Merchant, Bribe Branch


You were on level 1 of the Depths.
You worshipped Gozag.
Gozag was pleased with you.
You visited 8 branches of the dungeon, and saw 32 of its levels.
You also visited: Sewer and Gauntlet.

You collected 10659 gold pieces.
You spent 2726 gold pieces at shops.
You paid 7148 gold pieces to Gozag.

Inventory:

Hand Weapons
 b - a +4 broad axe of freezing (weapon)
 d - the +8 whip "Snakebite" {venom, curare, rPois}
   (You bought it in a shop on level 10 of the Dungeon)

   It poisons the flesh of those it strikes.
   It occasionally inflicts asphyxiating poison on those it strikes, dealing
   poison damage and causing slowness.
   rPois:     It protects you from poison.
 x - a +4 hand axe of freezing
 K - the +6 arbalest "Damnation" {damnation}
   (You found it on level 12 of the Dungeon)

   Any ammunition fired from it explodes in a burst of damnation on striking a
   foe, dealing damage which bypasses armour.
Missiles
 a - 4 curare-tipped darts (quivered)
 R - 215 bolts
Armour
 o - a +2 pair of gloves (worn)
 r - a +0 kite shield
 s - +0 fire dragon scales
 F - a +2 pair of boots of rampaging (worn)
 N - a +0 crystal plate armour (worn)
 Q - a +2 helmet (worn)
 Z - a +0 cloak of stealth (worn)
Jewellery
 f - the ring "Ludami" (right hand) {rC+ rN+ Str+4}
   (You bought it in a shop on level 10 of the Dungeon)

   [ring of protection from cold]

   Str:       It affects your strength (+4).
   rC:        It protects you from cold.
   rN:        It protects you from negative energy.
 i - a +4 ring of protection
 q - a ring of protection from fire
 D - a ring of willpower
 G - a ring of willpower (left hand)
 T - an amulet of the acrobat (around neck)
 W - a ring of positive energy
 X - a ring of protection from fire
Wands
 e - a wand of polymorph (12)
 j - a wand of acid (18)
 t - a wand of digging (6)
 H - a wand of iceblast (14)
 Y - a wand of paralysis (7)
Scrolls
 c - 2 scrolls of teleportation
 m - 2 scrolls of fog
 u - a scroll of fear
 y - a scroll of summoning
 z - 2 scrolls of immolation
 C - 13 scrolls of identify
 J - 5 scrolls of magic mapping
 O - 4 scrolls of enchant weapon
 V - 2 scrolls of blinking
Potions
 g - 2 potions of curing
 h - a potion of ambrosia
 n - 3 potions of resistance
 v - 2 potions of haste
 w - 2 potions of mutation
 A - 2 potions of lignification
 E - 5 potions of cancellation
 I - 3 potions of might
 L - a potion of brilliance
 M - a potion of berserk rage
 P - 3 potions of attraction
 U - 3 potions of flight
Miscellaneous
 l - a condenser vane
 p - a phantom mirror


   Skills:
 O Level 27 Fighting
 - Level 18.6(19.2) Axes
 - Level 6.7(12.2) Maces & Flails
 - Level 5.1 Crossbows
 * Level 14.8 Armour
 - Level 11.3 Dodging
 - Level 1.5 Stealth
 - Level 5.7 Shields


You had 15 spell levels left.
You knew the following spells:

 Your Spells              Type           Power      Damage    Failure   Level
a - Wereblood             Tmut           0%         N/A       100%        2

Your spell library contained the following spells:

 Spells                   Type           Power      Damage    Failure   Level
 Animate Skeleton         Necr           0%         N/A       100%        1
 Beastly Appendage        Tmut           0%         N/A       100%        1
 Freeze                   Ice            0%         1d3       100%        1
 Pain                     Necr           0%         1d4       100%        1
 Sting                    Tmut/Pois      0%         1d3       100%        1
 Poisonous Vapours        Pois/Air       0%         N/A       100%        2
 Slow                     Hex            0%         N/A       100%        2
 Confusing Touch          Hex            0%         N/A       100%        3
 Frozen Ramparts          Ice            0%         1d2       100%        3
 Spider Form              Tmut/Pois      0%         N/A       100%        3
 Summon Guardian Golem    Hex/Summ       0%         N/A       100%        3
 Swiftness                Air            0%         N/A       100%        3
 Vampiric Draining        Necr           0%         2d6       100%        3
 Animate Armour           Summ/Erth      0%         N/A       100%        4
 Animate Dead             Necr           0%         N/A       100%        4
 Fulminant Prism          Conj/Hex       0%         3d6       100%        4
 Hailstorm                Conj/Ice       0%         3d3       100%        4
 Iskenderun's Mystic Bla  Conj/Tloc      0%         2d3       100%        4
 Olgreb's Toxic Radiance  Pois           0%         N/A       100%        4
 Fireball                 Conj/Fire      0%         3d3       100%        5
 Iskenderun's Battlesphe  Conj           0%         2d6       100%        5
 Lee's Rapid Deconstruct  Erth           0%         3d5*      100%        5
 Silence                  Hex/Air        0%         N/A       100%        5
 Yara's Violent Unravell  Hex/Tmut       0%         3d3       100%        5
 Conjure Ball Lightning   Conj/Air       0%         3x3d6     100%        6
 Haunt                    Necr/Summ      0%         N/A       100%        7
 Orb of Destruction       Conj           0%         N/A       100%        7
 Spellforged Servitor     Conj/Summ      0%         N/A       100%        7
 Infestation              Necr           0%         N/A       100%        8


Dungeon Overview and Level Annotations

Branches:
Dungeon (15/15)            Temple (1/1) D:7            Lair (6/6) D:10
  Swamp (2/4) Lair:4       Spider (4/4) Lair:4        Slime (0/5) Lair:5
    Orc (2/2) D:10            Elf (0/3) Orc:2        Vaults (1/5) D:13
 Depths (1/4) D:15          Sewer (visited)         Gauntlet (visited)

Altars:
Ashenzari
Cheibriados
Dithmenos
Elyvilon
Fedhas
Gozag
Hepliaklqana
Kikubaaqudgha
Makhleb
Nemelex Xobeh
Okawaru
Qazlal
Ru
Sif Muna
Trog
Uskayaw
Vehumet
Wu Jian
Xom
Yredelemnul
Zin
The Shining One
Beogh
Jiyva

Shops:
D:10 *(=(*   Orc:2 [(:!

Annotations:
D:3 exclusion: downstairs
D:10 exclusion: downstairs
Lair:6 2 runed translucent doors
Swamp:2 Mlioglotl
Spider:2 Arachne, Jorgrun


Innate Abilities, Weirdness & Mutations

You have sharp toenails.
You are agile. (Dex +2)
You are dopey. (Int -2)
Your flesh is heat resistant. (rF+)


Message History

You kill the death yak!
The death yak's corpse disappears in a puff of smoke!
The polar bear bites you!
* * * LOW HITPOINT WARNING * * *
The polar bear closely misses you.
The polar bear claws you but does no damage.
The spriggan berserker hits you with a +0 hand axe!!
* * * LOW HITPOINT WARNING * * *
Unknown command.
You miss the spriggan berserker.
The spriggan berserker is severely wounded.
You slice the polar bear!! You freeze the polar bear.
You kill the polar bear!
The polar bear's corpse disappears in a puff of smoke!
You closely miss the spriggan berserker.
You miss the spriggan air mage.
The spriggan berserker barely misses you.
The spriggan air mage completely misses you.
The spriggan berserker barely misses you.
Unknown command.
You miss the spriggan berserker.
The spriggan berserker is severely wounded.
You completely miss the spriggan air mage.
You slice the spriggan berserker!! You freeze the spriggan berserker.
You slash the spriggan air mage! You freeze the spriggan air mage.
The spriggan berserker hits you with a +0 antimagic war axe!!
* * * LOW HITPOINT WARNING * * *
You feel your power leaking away. The spriggan air mage hits you!
* * * LOW HITPOINT WARNING * * *
Unknown command.
You miss the spriggan berserker.
The spriggan berserker is severely wounded.
You miss the spriggan air mage. You miss the spriggan berserker.
You miss the spriggan air mage.
The spriggan berserker hits you but does no damage.
The spriggan air mage hits you but does no damage.
The spriggan berserker hits you with a +0 antimagic war axe!!
You die...
Your body crumbles into a pile of gold.

..............#
..[...........#
................
................
................
................
.......iii......
........@.......
........i......#
........<......#
.......[.......#
..............##
.......#.......#
.......##.......
....... .......
....... .....##


You could see 2 spriggan berserkers and 2 spriggan air magi.

Vanquished Creatures
  Rupert (Lair:3)
  2 sphinxes
  Agnes (D:15)
  A tengu reaver (D:12)
  Donald (Spider:1)
  4 ghost moths (Spider:4)
  A frost giant (D:12)
  5 emperor scorpions
  A vault warden (Vaults:1)
  An orc warlord (Orc:2)
  2 ironbound preservers (Vaults:1)
  A vampire knight (D:12)
  A very ugly thing (Vaults:1)
  A spark wasp (Spider:4)
  2 bunyips (Swamp:1)
  A minotaur (Gauntlet)
  3 entropy weavers
  2 eleionomae (Swamp:1)
  An ettin (D:12)
  A yaktaur captain (D:12)
  Josephine (Orc:2)
  4 ogre magi
  Erolcha (Orc:2)
  3 vault guards (D:13)
  7 boulder beetles
  A rakshasa (D:15)
  13 hydras
  An ironbound frostheart (Vaults:1)
  2 catoblepae (Lair:6)
  2 death knights
  8 centaur warriors
  2 tengu warriors
  4 two-headed ogres
  8 death yaks
  An alligator (Swamp:1)
  Urug (Lair:4)
  Nergalle (Orc:2)
  A fire crab (Lair:6)
  2 goliath frogs (Swamp:1)
  The ghost of DJNightmares the Thaumaturge, a novice DEFE of Sif Muna (D:11)
  A death drake (shapeshifter) (D:13)
  A deep troll (D:14)
  A flayed ghost (D:12)
  3 wizards
  2 bog bodies
  A glowing orange brain (D:15)
  2 lindwurms (Vaults:1)
  2 necromancers
  A deep elf pyromancer (D:14)
  An ironbound convoker (Vaults:1)
  13 orb spiders
  2 orc knights
  31 wolf spiders
  20 ugly things
  6 orc sorcerers (Orc:2)
  6 cyclopes
  3 manticores
  A torpor snail (Spider:3)
  17 elephants
  An ice statue (D:14)
  A moth of wrath (Spider:3)
  A gargoyle (D:12)
  8 black mambas
  2 molten gargoyles (Lair:6)
  A black mamba (shapeshifter) (D:13)
  3 vault sentinels (Vaults:1)
  5 orange demons (D:14)
  5 rime drakes
  14 cane toads
  2 freezing wraiths (D:13)
  9 unseen horrors
  2 kobold demonologists
  A yaktaur (shapeshifter) (D:13)
  10 komodo dragons
  4 demonic crawlers
  2 yaktaurs
  4 red devils (D:14)
  29 jumping spiders
  10 trolls
  4 polar bears
  8 hornets
  A hornet (shapeshifter) (D:13)
  18 slime creatures
  2 meliai zombies
  9 blink frogs
  2 blink frogs (shapeshifter)
  Sigmund (D:6)
  2 spriggans (Swamp:1)
  16 tarantellas
  51 redbacks
  4 shadows
  A vampire (D:12)
  36 yaks
  12 wraiths
  5 wyverns
  A human (shapeshifter) (D:15)
  12 basilisks
  18 humans (D:13)
  2 steam dragons
  A steam dragon (shapeshifter) (Gauntlet)
  2 swamp worms (Swamp:1)
  5 vampire mosquitoes
  An acid dragon (D:12)
  13 water moccasins
  Duvessa (D:4)
  3 hell hounds (Lair:6)
  21 orc warriors
  Purgy (Sewer)
  3 sky beasts
  A black bear (shapeshifter) (D:14)
  8 ogres
  4 black bears
  8 centaurs
  25 wolves
  2 boggarts
  3 necrophages
  16 bullfrogs
  6 kobold brigands
  A gnoll sergeant (D:9)
  A scorpion (D:6)
  A water moccasin skeleton (D:4)
  Dowan (D:4)
  10 killer bees
  12 wights
  2 electric eels
  2 howler monkeys
  5 lava snakes (Lair:6)
  4 centaur zombies
  7 hounds
  3 bullfrog skeletons (D:5)
  14 orc priests
  5 iguanas
  38 orc wizards
  Ijyb (D:4)
  2 howler monkey zombies
  Robin (D:4)
  4 gnolls (D:9)
  8 adders
  5 river rats (D:6)
  A shadow imp (D:8)
  3 white imps
  2 ufetubi (D:6)
  2 adder skeletons (D:4)
  7 worms
  2 dart slugs
  52 orcs
  9 ball pythons
  5 endoplasms
  A giant cockroach (D:1)
  17 goblins
  9 hobgoblins
  3 quokkas
  3 bats
  7 frilled lizards
  20 kobolds
  11 rats
935 creatures vanquished.

Vanquished Creatures (collateral kills)
  A wolf spider (Spider:4)
1 creature vanquished.

Vanquished Creatures (others)
  A bloated husk (Swamp:1)
  A spriggan (Swamp:1)
  An orc wizard (Orc:2)
  25 fungi
  51 plants
79 creatures vanquished.

Grand Total: 1015 creatures vanquished

Notes
Turn   | Place    | Note
-------+----------+-------------------------------------------
     0 | D:1      | iamoutofideas the Hill Orc Monk began the quest for the
                  | Orb.
     0 | D:1      | Reached XP level 1. HP: 19/19 MP: 1/1
   475 | D:1      | Reached XP level 2. HP: 13/27 MP: 2/2
   664 | D:1      | Found a faded altar of an unknown god.
   920 | D:1      | Reached skill level 4 in Fighting
  1609 | D:2      | Reached skill level 5 in Axes
  1679 | D:2      | Reached XP level 3. HP: 30/33 MP: 3/3
  3576 | D:3      | Reached XP level 4. HP: 16/40 MP: 4/4
  4566 | D:4      | Noticed Robin
  4593 | D:4      | Killed Robin
  4613 | D:3      | Reached XP level 5. HP: 24/47 MP: 5/5
  4659 | D:4      | Noticed a black bear
  4986 | D:4      | Reached skill level 1 in Armour
  5255 | D:4      | Reached XP level 6. HP: 23/53 MP: 6/6
  5592 | D:4      | Noticed Duvessa
  5612 | D:4      | Noticed Dowan
  5612 | D:4      | Noticed Ijyb
  5642 | D:5      | Entered Level 5 of the Dungeon
  5646 | D:5      | Identified a scroll of acquirement
  5646 | D:5      | Acquired a manual of Fighting
  5710 | D:5      | Found an opulent altar of Gozag.
  5756 | D:5      | Reached skill level 5 in Fighting
  5804 | D:5      | Noticed a necrophage
  5819 | D:5      | Killed a necrophage
  5820 | D:5      | Reached XP level 7. HP: 46/61 MP: 7/7
  5976 | D:5      | Gained mutation: You are dopey. (Int -2) [potion of
                  | mutation]
  5976 | D:5      | Gained mutation: Potions are less effective at restoring
                  | your health. [potion of mutation]
  5976 | D:5      | Gained mutation: You are partially covered in iridescent
                  | scales. (AC +2) [potion of mutation]
  6457 | D:5      | Reached skill level 6 in Fighting
  6468 | D:5      | Reached skill level 10 in Axes
  6468 | D:5      | Reached XP level 8. HP: 26/71 MP: 8/8
  7316 | D:6      | Found a glowing golden altar of the Shining One.
  7355 | D:6      | Noticed Sigmund
  7409 | D:6      | Found a glowing silver altar of Zin.
  7440 | D:6      | Reached skill level 7 in Fighting
  7587 | D:6      | Found a glowing drain.
  7620 | Sewer    | Entered a sewer
  8063 | Sewer    | Noticed Purgy
  8080 | Sewer    | Killed Purgy
  8391 | D:6      | Killed Sigmund
  8392 | D:6      | Reached skill level 8 in Fighting
  8392 | D:6      | Reached XP level 9. HP: 42/81 MP: 9/9
  8466 | D:6      | Found an iron altar of Okawaru.
  8538 | D:6      | Killed an unseen horror
  8539 | D:6      | Reached skill level 5 in Armour
  8694 | D:6      | Reached skill level 9 in Fighting
  9134 | D:7      | Found a staircase to the Ecumenical Temple.
  9147 | D:7      | Reached skill level 10 in Fighting
  9174 | Temple   | Entered the Ecumenical Temple
  9391 | D:5      | Became a worshipper of Gozag Ym Sagoz the Greedy
  9626 | D:7      | Found a large runed translucent door.
  9627 | D:7      | Found a large runed translucent door.
  9763 | D:7      | Reached skill level 11 in Fighting
  9832 | D:7      | Found a radiant altar of Vehumet.
  9851 | D:7      | Found a basalt altar of Yredelemnul.
  9918 | D:8      | Reached XP level 10. HP: 93/96 MP: 10/10
  9927 | D:8      | Reached skill level 12 in Fighting
 10050 | D:8      | Noticed a two-headed ogre
 10062 | D:8      | Killed a two-headed ogre
 10063 | D:8      | Reached skill level 15 in Axes
 10533 | D:9      | Reached skill level 13 in Fighting
 10770 | D:9      | Noticed a kobold demonologist
 10786 | D:9      | Noticed a smoke demon
 10795 | D:9      | Killed a kobold demonologist
 10796 | D:9      | Reached skill level 14 in Fighting
 11043 | D:10     | Entered Level 10 of the Dungeon
 11126 | D:10     | Found a staircase to the Orcish Mines.
 11151 | D:10     | Reached skill level 15 in Fighting
 11222 | D:10     | Reached XP level 11. HP: 103/113 MP: 11/11
 11230 | D:10     | Reached skill level 16 in Fighting
 11473 | D:10     | Found a staircase to the Lair.
 11565 | Lair:1   | Entered Level 1 of the Lair of Beasts
 12127 | D:11     | Noticed a manticore
 12158 | D:11     | Lost mutation: You are partially covered in iridescent
                  | scales. (AC +2) [potion of mutation]
 12158 | D:11     | Lost mutation: Potions are less effective at restoring your
                  | health. [potion of mutation]
 12158 | D:11     | Gained mutation: Your flesh is heat resistant. (rF+)
                  | [potion of mutation]
 12158 | D:11     | Gained mutation: You have sharp toenails. [potion of
                  | mutation]
 12158 | D:11     | Gained mutation: You are agile. (Dex +2) [potion of
                  | mutation]
 12269 | D:11     | Reached skill level 17 in Fighting
 12326 | D:11     | Noticed a centaur warrior
 12402 | D:11     | Killed a centaur warrior
 12517 | D:11     | Found a runed translucent gate.
 12518 | D:11     | Found a runed translucent gate.
 12520 | D:11     | Found a runed translucent gate.
 12521 | D:11     | Noticed DJNightmares's ghost (novice DEFE)
 12589 | D:11     | Reached skill level 18 in Fighting
 12937 | D:11     | Noticed a manticore
 12953 | D:11     | Killed a manticore
 12954 | D:11     | Reached XP level 12. HP: 116/129 MP: 12/12
 13215 | D:12     | Reached skill level 19 in Fighting
 13375 | D:12     | Found a runed translucent door.
 13375 | D:12     | Noticed a boulder beetle
 13377 | D:12     | Noticed a five-headed hydra
 13377 | D:12     | Noticed a two-headed ogre
 13378 | D:12     | Noticed a yaktaur captain
 13523 | D:12     | Acquired a manual of Long Blades
 13593 | D:12     | Reached skill level 1 in Shields
 13722 | D:12     | Found the +6 arbalest "Damnation" {damnation}
 13911 | D:12     | Noticed a two-headed ogre
 13923 | D:12     | Killed a two-headed ogre
 14144 | D:4      | Killed Ijyb
 14200 | D:4      | Killed Dowan
 14214 | D:4      | Killed Duvessa
 14765 | D:11     | Killed DJNightmares's ghost
 14772 | D:11     | Identified the +8 flail of Janos {protect, Will++ MP-9}
 14798 | D:12     | Noticed a tengu reaver
 15015 | D:12     | Killed a boulder beetle
 15338 | D:12     | Found a runed translucent door.
 15455 | D:13     | Found a shadowy altar of Dithmenos.
 15458 | D:13     | Noticed a death knight
 15537 | D:10     | Bought a scroll of blinking for 255 gold pieces
 15537 | D:10     | Bought a runed brass ring for 170 gold pieces
 15704 | D:10     | Learned a level 2 spell: Wereblood
 15819 | Lair:1   | Identified the +0 ring mail of Ferocious Salvation
                  | {*Corrode rElec Str+5}
 16474 | Lair:2   | Reached skill level 20 in Fighting
 16490 | Lair:2   | Reached skill level 5 in Shields
 17351 | Lair:2   | Noticed a four-headed hydra
 17450 | D:9      | Acquired 821 gold pieces
 17503 | D:10     | Bought a runed broad axe for 168 gold pieces
 17654 | Lair:3   | Reached XP level 13. HP: 114/139 MP: 13/13
 18002 | Lair:3   | Noticed Rupert
 18013 | Lair:3   | Killed Rupert
 18014 | Lair:3   | Reached skill level 5 in Dodging
 19451 | Lair:4   | Noticed Urug
 19668 | Lair:4   | Found a hole to the Spider Nest.
 19693 | Lair:4   | Reached skill level 1 in Crossbows
 19749 | Lair:4   | Found a staircase to the Swamp.
 19826 | Lair:4   | Reached skill level 21 in Fighting
 19955 | Lair:4   | Killed Urug
 20395 | Lair:5   | Reached XP level 14. HP: 146/151 MP: 14/14
 20395 | Lair:5   | Found a staircase to the Slime Pits.
 20405 | Lair:5   | Found a viscous altar of Jiyva.
 21280 | Lair:6   | Entered Level 6 of the Lair of Beasts
 21445 | Lair:6   | Reached skill level 22 in Fighting
 22342 | Lair:6   | Found a large runed translucent door.
 22346 | Lair:6   | Found a large runed translucent door.
 23225 | D:10     | Bought the ring "Ludami" {rC+ rN+ Str+4} for 446 gold
                  | pieces
 23230 | D:10     | Bought a scroll of blinking for 105 gold pieces
 23230 | D:10     | Bought a potion of lignification for 42 gold pieces
 23303 | Orc:1    | Entered Level 1 of the Orcish Mines
 23687 | Orc:2    | Entered Level 2 of the Orcish Mines
 23797 | Orc:2    | Noticed Josephine
 23829 | Orc:2    | Killed Josephine
 23840 | Orc:2    | Reached XP level 15. HP: 36/146 MP: 15/15
 23921 | Orc:2    | Noticed an orc warlord
 23932 | Orc:2    | Reached skill level 23 in Fighting
 23935 | Orc:2    | Killed an orc warlord
 24239 | Orc:2    | Noticed Nergalle
 24278 | Orc:2    | Killed Nergalle
 24411 | Orc:2    | Found Zuemua's Distillery.
 24419 | Orc:2    | Bought a potion of curing for 36 gold pieces
 24419 | Orc:2    | Bought a potion of curing for 36 gold pieces
 24419 | Orc:2    | Bought a potion of might for 48 gold pieces
 24419 | Orc:2    | Bought a potion of haste for 120 gold pieces
 24425 | Orc:2    | Noticed Erolcha
 24435 | Orc:2    | Killed Erolcha
 24437 | Orc:2    | Found a radiant altar of Vehumet.
 24444 | Orc:2    | Found Macviseu's Book Boutique.
 24457 | Orc:2    | Found an ancient bone altar of Kikubaaqudgha.
 24512 | Orc:2    | Found a roughly hewn altar of Beogh.
 24512 | Orc:2    | Found Tuguno's Antique Weapon Shop.
 24537 | Orc:2    | Found Veogeth's Antique Armour Shop.
 24878 | Orc:2    | Found a staircase to the Elven Halls.
 25275 | Orc:1    | Found a roughly hewn altar of Beogh.
 25982 | D:12     | Killed a tengu reaver
 26042 | D:12     | Noticed a frost giant
 26043 | D:12     | Noticed a sphinx
 26686 | D:13     | Reached skill level 24 in Fighting
 26975 | D:13     | Found a gate to the Vaults.
 27524 | D:14     | You fall into a shaft and drop 1 floor!
 27524 | D:15     | Entered Level 15 of the Dungeon
 27677 | D:14     | Found a gate leading to a gauntlet.
 27689 | Gauntlet | Entered a Gauntlet
 27689 | Gauntlet | Found a transporter.
 27702 | Gauntlet | Found a transporter.
 27713 | Gauntlet | Found a transporter.
 27718 | Gauntlet | Found a transporter.
 27739 | Gauntlet | Found a transporter.
 27752 | Gauntlet | Found a transporter.
 27761 | Gauntlet | Found a transporter.
 27776 | Gauntlet | Found a transporter.
 27788 | Gauntlet | Found a transporter.
 27791 | Gauntlet | Noticed a cacodemon
 27799 | Gauntlet | Found the ring of the Mage {Wiz Will++ Int+3}
 27800 | Gauntlet | Found a transporter.
 27817 | Gauntlet | Found a transporter.
 27835 | Gauntlet | Found a transporter.
 27837 | Gauntlet | Found a transporter.
 27862 | Gauntlet | Found a transporter.
 27864 | Gauntlet | Found a transporter.
 27884 | Gauntlet | Found a transporter.
 27962 | Gauntlet | Found a transporter.
 27982 | Gauntlet | Found a transporter.
 28234 | Gauntlet | Reached XP level 16. HP: 177/177 MP: 16/16
 28685 | D:14     | Reached skill level 25 in Fighting
 30158 | D:12     | Killed a sphinx
 30159 | D:12     | Reached skill level 26 in Fighting
 30558 | D:15     | Reached skill level 10 in Dodging
 30975 | D:15     | Noticed Agnes
 30991 | D:15     | Killed Agnes
 31286 | D:15     | Found a staircase to the Depths.
 31572 | D:14     | Reached skill level 27 in Fighting
 32037 | Swamp:1  | Entered Level 1 of the Swamp
 32358 | Swamp:2  | Noticed Mlioglotl
 32439 | D:10     | Bought the +8 whip "Snakebite" {venom, curare, rPois} for
                  | 1300 gold pieces
 32439 | D:10     | Found the +8 whip "Snakebite" {venom, curare, rPois}
 32691 | D:15     | Reached XP level 17. HP: 150/191 MP: 17/17
 32731 | D:15     | Got the Guide on Supportive Weightlessness
 32973 | Spider:1 | Entered Level 1 of the Spider Nest
 33026 | Spider:1 | Reached skill level 1 in Maces & Flails
 33481 | Spider:1 | Reached skill level 5 in Maces & Flails
 33501 | Spider:1 | HP: 9/191 [disintegration (55)]
 34908 | Spider:2 | Noticed Donald
 35000 | Spider:1 | Killed Donald
 35454 | Spider:2 | Reached skill level 10 in Armour
 35456 | Spider:2 | Reached skill level 5 in Crossbows
 36307 | Spider:2 | Noticed Arachne
 36310 | Spider:2 | Noticed Jorgrun
 37592 | Spider:4 | Entered Level 4 of the Spider Nest
 39281 | Spider:4 | Reached XP level 18. HP: 73/200 MP: 5/18
 40290 | Spider:4 | Got a gossamer rune of Zot
 40783 | Depths:1 | Entered Level 1 of the Depths
 41847 | Vaults:1 | Entered Level 1 of the Vaults
 42759 | Depths:1 | HP: 12/300 [spriggan air mage (8)]
 42760 | Depths:1 | Mangled by a spriggan berserker

Illustrated notes

Levels and vault maps discovered:
D:1:      kilobyte_arrival_exit_the_forest, layout_loops_ring,
          hellmonk_ecumenical_altar_run_dry
D:2:      layout_basic
D:3:      layout_loops_ring, kennysheep_nub
D:4:      layout_basic, serial_corexii_hall, corexii_hall_statues_x,
          corexii_hall_statues_i, uniq_robin, uniq_duvessa, uniq_ijyb
D:5:      minmay_inner_zag, layout_basic, mainiacjoe_overflow_catwalk,
          minivault_25, minivault_11, amcnicky_mini_pool_medium
D:6:      layout_rooms, mainiacjoe_overflow_chevrons,
          kennysheep_okawaru_gauntlet, zin_academy, lightli_sewer_entry_pipes,
          uniq_sigmund
D:7:      layout_rooms, jmf_multi_god_temple2, minmay_temple_entry_trees
D:8:      layout_basic, serial_curves, eino_curves_04, eino_curves_04,
          due_unseen_surprise
D:9:      layout_cave_pools
D:10:     layout_cave_pools, lair_entry_dummy, orc_0_dummy
D:11:     minmay_opposing_rooms, layout_basic, ebering_ghost_rock_garden,
          minivault_23, grunt_decor_one_mirror
D:12:     minmay_expanding_circles, layout_basic
D:13:     layout_basic, grunt_vaults_entry_tiered, grunt_dithmenos_smoke
D:14:     minmay_isolated_rectangles_in_corner, layout_loops_ring,
          gauntlet_entry_generic, roderic_serpentine_path,
          portal_ice_cave_entry_ice_statue_one, hangedman_abyss_or_decor_clamps,
          grunt_ministairs_12, minmay_beelzebubs_servants
D:15:     gammafunk_enter_depths_forms, layout_loops_corners, nicolae_sextant,
          due_unseen_surprise, uniq_agnes
Temple:   nicolae_temple_elliptical
Lair:1:   layout_cave_shapes, grunt_forest_small_clearings,
          chequers_serial_rivers_marsh
Lair:2:   layout_cave_pods, forest_entry_grove
Lair:3:   layout_chaotic_city, grunt_megastairs_1, uniq_rupert
Lair:4:   layout_regular_city, skrybe_swamp_entry_bodies,
          nicolae_spider_entry_orb_guardian, uniq_urug
Lair:5:   layout_regular_city, slime_altar_1
Lair:6:   cheibrodos_lair_end_hotspot, layout_loops_ring, st_stairs_7,
          ldierk_geyser
Swamp:1:  layout_basic_swamp, hangedman_swamp_cone
Swamp:2:  layout_basic_swamp, evilmike_swamp_ruin_house_4, swamp_pool5,
          uniq_nikola, uniq_mlioglotl, uniq_frances
Spider:1: layout_spider_delve
Spider:2: layout_spider_delve, uniq_donald, uniq_jorgrun, uniq_arachne
Spider:3: layout_spider_delve
Spider:4: spider_rune_water
Orc:1:    layout_caves, basic_altar, nicolae_orc_flooded_monolith
Orc:2:    kennysheep_orc_mage_school, layout_caves, uniq_josephine
Vaults:1: vaults_mumra_minichess, hangedman_vaults_impose,
          vaults_room_grunt_arrival_ludios, vaults_room_door_ring,
          vaults_mumra_minichess_inversion, ontoclasm_vaults_loading_screen,
          v_alt_pattern_6, v_alt_pattern_5, layout_vaults_chaotic_city
Depths:1: layout_cave_shapes, chequers_serial_rivers_micro_c,
          hangedman_tar_grid_catacomb, wad_floor_pattern_1,
          minmay_alternating_orb, uniq_aizul

Skill      XL: |  1  2  3  4  5  6  7  8  9 10 11 12 13 14 15 16 17 18 |
---------------+-------------------------------------------------------+-----
Fighting       | 4 5 6 8 11 15 18 20 21 22 24 27 | 27.0
Axes           | 5 6 7 8 10 12 14 16 18 | 18.6
Armour         | 1 2 3 4 5 6 7 8 9 13 14 | 14.8
Shields        | 5 |  5.7
Dodging        | 4 6 8 9 11 | 11.3
Crossbows      | 2 3 4 5 |  5.1
Maces & Flails | 6 |  6.7
Stealth        | |  1.5

Action                   |  1- 3 |  4- 6 |  7- 9 | 10-12 | 13-15 | 16-18 || total
-------------------------+-------+-------+-------+-------+-------+-------++-------
Melee: Hand axe          |   163 |   216 |   453 |   837 |    53 |       ||  1722
       Spear             |       |       |     4 |       |       |       ||     4
       Broad axe         |       |       |       |       |   910 |   805 ||  1715
       Whip              |       |       |       |       |       |   176 ||   176
 Fire: Arbalest          |       |       |       |       |    39 |    43 ||    82
Throw: Stone             |       |       |     2 |       |       |       ||     2
       Throwing net      |       |       |     1 |       |     3 |       ||     4
Invok: Call Merchant     |       |       |       |     2 |     3 |       ||     5
       Potion Petition   |       |       |       |       |     2 |     4 ||     6
Evoke: Wand              |       |       |     1 |     2 |       |     6 ||     9
       Phantom mirror    |       |       |       |       |     2 |     1 ||     3
       Condenser vane    |       |       |       |       |       |     1 ||     1
  Use: Potion            |       |     3 |     6 |     3 |     8 |    16 ||    36
       Scroll            |       |     5 |     2 |    20 |     9 |    11 ||    47
 Stab: Sleeping          |     9 |       |     2 |     1 |     2 |     6 ||    20
       Distracted        |       |     1 |     1 |     3 |     9 |     4 ||    18
       Invisible         |       |       |       |       |       |     5 ||     5
       Fleeing           |       |       |       |       |       |     1 ||     1
Armor: Robe              |    31 |     2 |       |       |       |       ||    33
       Scale mail        |       |    54 |       |       |       |       ||    54
       Ring mail         |       |    49 |   156 |       |       |       ||   205
       Skin              |       |    10 |       |       |       |       ||    10
       Troll leather arm |       |       |   102 |   352 |   393 |   139 ||   986
       Crystal plate arm |       |       |       |       |       |   541 ||   541
       Fire dragon scale |       |       |       |       |       |    48 ||    48
Dodge: Dodged            |    96 |   124 |   228 |   355 |   552 |   605 ||  1960
Block: Buckler           |       |       |       |    52 |       |       ||    52

Table legend: (Time is in decaauts)
 A = Elapsed time spent in this place.
 B = Non-inter-level travel time spent in this place.
 C = Inter-level travel time spent in this place.
 D = Time resting spent in this place.
 E = Time spent auto-exploring this place.
 F = Levels seen in this place.
 G = Mean time per level.
                   A        B        C        D        E       F      G
               +--------+--------+--------+--------+--------+-----+--------+
         Total |  42097 |  35770 |   6327 |   8303 |  20222 |  34 | 1238.1 |
       Dungeon |  21966 |  17790 |   4176 |   3336 |  10715 |  15 | 1464.4 |
        Temple |    165 |    133 |     32 |      0 |    118 |   1 |  165.0 |
          Lair |   8172 |   6828 |   1344 |    934 |   4679 |   6 | 1362.0 |
         Swamp |    358 |    334 |     24 |     61 |     89 |   2 |  179.0 |
   Spider Nest |   7258 |   6896 |    362 |   3128 |   2682 |   4 | 1814.5 |
  Orcish Mines |   2368 |   2025 |    343 |    215 |   1330 |   2 | 1184.0 |
        Vaults |    376 |    335 |     41 |    137 |    118 |   1 |  376.0 |
        Depths |     26 |     24 |      2 |      0 |      0 |   1 |   26.0 |
         Sewer |    638 |    638 |      0 |    389 |    164 |   1 |  638.0 |
      Gauntlet |    764 |    764 |      0 |    102 |    324 |   1 |  764.0 |
               +--------+--------+--------+--------+--------+-----+--------+

Top non-repeatable levels by time:
Spider:4: 2756 daAuts
Spider:1: 2332 daAuts
    D:13: 2114 daAuts
    D:14: 2045 daAuts
    D:12: 1989 daAuts
Spider:3: 1925 daAuts
     D:5: 1871 daAuts
  Lair:6: 1786 daAuts
     D:2: 1786 daAuts
    D:11: 1767 daAuts
  Lair:4: 1732 daAuts
     D:1: 1624 daAuts
  Lair:2: 1593 daAuts
    D:15: 1550 daAuts
     D:3: 1540 daAuts
